 Dungeon Crawl Stone Soup version 0.21.0-3-g78d12a8 (webtiles) character file.

357 DogShitOnMyToe the Ruffian (level 6, -4/45 HPs)
             Began as a Ghoul Venom Mage on Jan 14, 2018.
             Slain by a sky beast (6 damage)
             ... on level 4 of the Dungeon.
             The game lasted 00:11:45 (3986 turns).

DogShitOnMyToe the Ruffian (Ghoul Venom Mage)       Turns: 3986, Time: 00:11:46

Health: -4/45      AC:  2    Str: 13    XL:     6   Next: 64%
Magic:  7/7        EV: 12    Int: 11    God:
Gold:   144        SH:  0    Dex:  9    Spells: 7/8 levels left

rFire    . . .     SeeInvis .   u - +0 whip (venom)
rCold    + . .     Gourm    .   (no shield)
rNeg     + + +     Faith    .   a - +0 robe
rPois    ∞         Spirit   .   (no helmet)
rElec    .         Reflect  .   (no cloak)
rCorr    .         Harm     .   (no gloves)
MR       .....                  (no boots)
Stlth    ++........             (no amulet)
HPRegen  0.00/turn              (no ring)
MPRegen  0.10/turn              (no ring)

@: rotting
A: rotting body, claws 1, carnivore, cold resistance 1, negative energy
resistance 3, inhibited regeneration, torment resistance, unbreathing
a: no special abilities


You were on level 4 of the Dungeon.
You were not hungry.

You visited 1 branch of the dungeon, and saw 4 of its levels.

You collected 144 gold pieces.

Inventory:

Hand Weapons
 b - a +0 hunting sling
 u - a +0 whip of venom (weapon)
Missiles
 d - 135 stones (quivered)
 n - 3 tomahawks
 r - 36 sling bullets
Armour
 a - a +0 robe (worn)
 m - a +0 shield
Jewellery
 k - an uncursed amulet of magic regeneration {unknown}
 s - an uncursed ring of flight {unknown}
Scrolls
 e - 4 scrolls of identify {unknown}
 f - a scroll of amnesia {unknown}
 g - a scroll of enchant armour {unknown}
 h - a scroll of fear {unknown}
 i - a scroll of random uselessness {unknown}
 l - a scroll of blinking {unknown}
 o - 5 scrolls of teleportation {unknown}
 q - a scroll of noise {unknown}
 w - a scroll of fog {unknown}
Potions
 j - a potion of resistance
 v - 2 potions of lignification
Books
 p - a book of Changes

   Spells                             Type                      Level
   a - Beastly Appendage              Transmutation                1
   b - Sticks to Snakes               Transmutation                2
   c - Spider Form                    Transmutation/Poison         3
   d - Ice Form                       Ice/Transmutation            4
   e - Blade Hands                    Transmutation                5
 A - a Young Poisoner's Handbook

   Spells                             Type                      Level
   a - Sting                          Conjuration/Poison           1
   b - Poisonous Vapours              Poison/Air                   2
   c - Mephitic Cloud                 Conjuration/Poison/Air       3
   d - Olgreb's Toxic Radiance        Poison                       4
   e - Venom Bolt                     Conjuration/Poison           5
Comestibles
 c - 7 rations


   Skills:
 - Level 1.7 Dodging
 - Level 2.1 Stealth
 + Level 7.1 Unarmed Combat
 - Level 1.7 Spellcasting
 - Level 0.7 Conjurations
 - Level 3.0 Poison Magic


You had 7 spell levels left.
You knew the following spells:

 Your Spells              Type           Power        Failure   Level  Hunger
a - Sting                 Conj/Pois      #...         14%         1    ##.....


Dungeon Overview and Level Annotations

Branches:
Dungeon (4/15)
 Temple: D:4-7

Altars:
Fedhas
Gozag
Makhleb
Nemelex Xobeh
Qazlal
Zin

Shops:
D:3 *


Innate Abilities, Weirdness & Mutations

Your body is rotting away.
You thrive on raw meat.
You are immune to poison.
You have sharp fingernails.
You are carnivorous and can eat meat at any time.
Your flesh is cold resistant. (rC+)
You are immune to negative energy. (rN+++)
You do not regenerate when monsters are visible.
You are immune to unholy pain and torment.
You can survive without breathing.


Message History

Deactivating autopickup; reactivate with Ctrl-A.
Something hits you.
* * * LOW HITPOINT WARNING * * *
Something shocks you.
* * * LOW HITPOINT WARNING * * *
A sky beast appears from thin air!
Reactivating autopickup.
The sky beast flickers out of sight!
Deactivating autopickup; reactivate with Ctrl-A.
All of the chunks of flesh in your inventory have rotted away.
A sky beast appears from thin air!
Reactivating autopickup.
The sky beast flickers out of sight!
Deactivating autopickup; reactivate with Ctrl-A.
There is a stone staircase leading up here.
It was a potion of lignification.
You feel woody for a moment. Something hits you.
* * * LOW HITPOINT WARNING * * *
Something shocks you.
You die...

#.#####.##
#.#......#
##.......##
#..#.###.#
#.{#.# #.#
#..#§# #.#
#..#.# #≈#
#..#.###.#
#....{@#.#
##.#.###.#
#.#.# #.#
######.#.# #.#
#...##.#.# #.#
#.#.##.#.# #.#
#......#.# #.#
##.......###.##
#..#####)....#


There were no monsters in sight!

Vanquished Creatures
  Sigmund (D:2)
  Jessica (D:3)
  A worker ant (D:3)
  An orc wizard (D:3)
  3 gnolls (D:2)
  An adder (D:3)
  5 dart slugs
  A leopard gecko (D:1)
  7 orcs
  11 bats
  5 giant cockroaches
  9 goblins
  2 hobgoblins
  4 jackals (D:1)
  A quokka (D:2)
  2 ball pythons (D:1)
  5 frilled lizards
  8 kobolds
  A rat (D:1)
69 creatures vanquished.

Notes
Turn   | Place    | Note
-------+----------+-------------------------------------------
     0 | D:1      | DogShitOnMyToe the Ghoul Venom Mage began the quest for the Orb.
     0 | D:1      | Reached XP level 1. HP: 14/14 MP: 2/2
    43 | D:1      | Reached skill level 1 in Unarmed Combat
   205 | D:1      | Reached XP level 2. HP: 20/20 MP: 0/3
   319 | D:1      | Reached skill level 2 in Unarmed Combat
   529 | D:1      | HP: 8/20 [kobold/whip (8)]
   535 | D:1      | HP: 10/20 [kobold/whip (3)]
   543 | D:1      | HP: 9/20 [kobold/dagger (1)]
   567 | D:1      | Reached XP level 3. HP: 16/26 MP: 1/4
   647 | D:1      | HP: 11/26 [leopard gecko (5)]
   648 | D:1      | HP: 4/26 [leopard gecko (3)]
   649 | D:1      | Reached skill level 3 in Unarmed Combat
  1379 | D:2      | Found a glowing silver altar of Zin.
  1528 | D:2      | HP: 7/26 [gnoll/whip of venom (10)]
  1781 | D:2      | Found a burning altar of Makhleb.
  1783 | D:2      | Noticed an Executioner
  1798 | D:2      | Found a blossoming altar of Fedhas.
  1848 | D:2      | Reached skill level 4 in Unarmed Combat
  1848 | D:2      | Reached XP level 4. HP: 30/33 MP: 5/5
  2016 | D:2      | Noticed Sigmund
  2195 | D:2      | HP: 16/33 [Sigmund/magic dart (3)]
  2204 | D:2      | HP: 12/33 [Sigmund/scythe (4)]
  2214 | D:2      | HP: 3/33 [Sigmund/scythe (8)]
  2219 | D:2      | HP: 12/33 [Sigmund/scythe (4)]
  2223 | D:2      | Killed Sigmund
  2223 | D:2      | Reached skill level 6 in Unarmed Combat
  2223 | D:2      | Reached XP level 5. HP: 22/38 MP: 6/6
  2223 | D:2      | Reached XP level 6. HP: 26/45 MP: 7/7
  2468 | D:2      | Found a sparkling altar of Nemelex Xobeh.
  2468 | D:2      | Found a stormy altar of Qazlal.
  2788 | D:3      | HP: 21/45 [adder (2)]
  2794 | D:3      | HP: 16/45 [orc wizard/dagger (1)]
  2973 | D:3      | Found Gozag's Platinum Reserve.
  2973 | D:3      | Found an opulent altar of Gozag.
  3291 | D:3      | Noticed Jessica
  3298 | D:3      | Killed Jessica
  3317 | D:3      | Identified a book of Changes
  3729 | D:3      | Reached skill level 7 in Unarmed Combat
  3853 | D:4      | Noticed a sky beast
  3865 | D:4      | HP: 21/45 [something (3)]
  3903 | D:4      | HP: 16/45 [something (1)]
  3974 | D:4      | HP: 10/45 [something (1)]
  3986 | D:4      | HP: 2/45 [something (3)]
  3986 | D:4      | Slain by a sky beast

Skill      XL: |  1  2  3  4  5  6 |
---------------+-------------------+-----
Unarmed Combat | 1 2 4 6 7 |  7.1
Dodging        | |  1.7
Stealth        | |  2.1
Spellcasting   | |  1.7
Conjurations   | |  0.7
Poison Magic   | |  3.0

Action                   |  1- 3 |  4- 6 || total
-------------------------+-------+-------++-------
Melee: Unarmed           |   116 |    14 ||   130
       Punch             |     1 |     4 ||     5
       Whip              |       |    85 ||    85
 Fire: Hunting sling     |     4 |    11 ||    15
 Cast: Sting             |    24 |     3 ||    27
  Use: Potion            |       |     7 ||     7
 Stab: Sleeping          |     3 |     3 ||     6
       Invisible         |       |     1 ||     1
  Eat: Chunk             |    10 |     6 ||    16
       Ration            |       |     1 ||     1
Armor: Robe              |    27 |    10 ||    37
Dodge: Dodged            |    76 |    50 ||   126
